 Dungeon Crawl Stone Soup version 0.17-a0-2007-g96ac4c4 (webtiles) character file.

315 Ordine the Skirmisher (level 6, -5/40 HPs)
             Began as a Gargoyle Fighter on Oct 9, 2015.
             Slain by an ogre
             ... wielding a +0 giant spiked club
              (16 damage)
             ... on level 4 of the Dungeon.
             The game lasted 00:11:30 (2421 turns).

Ordine the Skirmisher (Gargoyle Fighter)            Turns: 2421, Time: 00:11:30

Health: -5/40      AC: 12    Str: 20    XL:     6   Next: 44%
Magic:  6/6        EV:  7    Int:  8    God:
Gold:   96         SH:  9    Dex: 11    Spells: 1 memorised, 2 levels left

rFire  . . .     SeeInvis .     a - +0 flail
rCold  . . .     Clarity  .     b - +0 scale mail
rNeg   + . .     SustAt   .     c - +0 shield
rPois  ∞         Gourm    .     (no helmet)
rElec  +         Spirit   .     q - +0 cloak
rCorr  .         Warding  .     (no gloves)
rMut   .         Stasis   .     (no boots)
MR     .....                    (no amulet)
Stlth  ..........               (no ring)
                                (no ring)

@: not resistant to hostile enchantments, extremely unstealthy
A: negative energy resistance 1, electricity resistance, unbreathing,
petrification resistance, rot immunity, AC +4
a: no special abilities


You were on level 4 of the Dungeon.
You were not hungry.

You visited 1 branch of the dungeon, and saw 4 of its levels.

You collected 96 gold pieces.

Inventory:

Hand Weapons
 a - a +0 flail (weapon)
Armour
 b - a +0 scale mail (worn)
 c - a +0 shield (worn)
 q - a +0 cloak (worn)
Scrolls
 h - 2 scrolls of teleportation
 n - a scroll of remove curse
Potions
 d - a potion of might
 f - a potion of lignification
 i - a potion of brilliance {unknown}
 j - a potion of resistance
 k - a potion of curing
 m - a potion of magic {unknown}
 o - a potion of agility {unknown}
Books
 p - a book of Necromancy

   Spells                             Type                      Level
   a - Pain                           Necromancy                   1
   b - Animate Skeleton               Necromancy                   1
   c - Vampiric Draining              Necromancy                   3
   d - Regeneration                   Charms/Necromancy            3
   e - Animate Dead                   Necromancy                   4
   f - Control Undead                 Necromancy                   4
Comestibles
 e - 3 bread rations
 g - a royal jelly
 l - 3 meat rations


   Skills:
 + Level 5.6 Fighting
 + Level 5.1 Maces & Flails
 - Level 3.2 Armour
 - Level 3.2 Shields


You had 2 spell levels left.
You knew the following spells:

 Your Spells              Type           Power        Failure   Level  Hunger
a - Regeneration          Chrm/Necr      #.........   100%        3    ####...


Dungeon Overview and Level Annotations

Branches:
Dungeon (4/15)
 Temple: D:4-7

Altars:
Ru


Innate Abilities, Weirdness & Mutations

You are resistant to torment.
Your stone body is resilient (AC +4).
You are immune to poison.
You resist negative energy.
You are resistant to electric shocks.
You can survive without breathing.
You are immune to petrification.
You are immune to rotting.


Message History

The ogre is lightly wounded.
You block the ogre's attack.
You closely miss the ogre.
The ogre is lightly wounded.
The ogre hits you with a giant spiked club!!
Ouch! That really hurt!
* * * LOW HITPOINT WARNING * * *
You are too injured to fight recklessly!
You are too injured to fight recklessly!
You are too injured to fight recklessly!
You are too injured to fight recklessly!
Drink which item? (? for menu, Esc to quit)
You feel better. The ogre barely misses you.
You are too injured to fight recklessly!
Your shield and scale mail prevent you from hitting the ogre.
The ogre is lightly wounded.
You hit the ogre.
The ogre is moderately wounded.
The ogre hits you with a giant spiked club!
You die...

#.. # ..# ##.#
#.. ##.....
#..## ###.......
#..####.........
#..##..O........
#....@#........
#...##.........
##.### #........
##...##
##.......
##.....# #.....#
##......# .....#
##.......# #...#
##.^......# ..
#.........#


You could see an ogre.

Vanquished Creatures
  An ogre (D:3)
  A scorpion (D:3)
  An orc wizard (D:2)
  Crazy Yiuf (D:3)
  A worker ant (D:3)
  Robin (D:2)
  2 adders
  2 oozes
  A worm (D:2)
  2 giant geckos (D:2)
  An orc (D:3)
  5 bats
  10 goblins
  16 hobgoblins
  3 kobolds
  A ball python (D:2)
  4 giant newts
  7 rats
60 creatures vanquished.

Notes
Turn   | Place    | Note
--------------------------------------------------------------
     0 | D:1      | Ordine the Gargoyle Fighter began the quest for the Orb.
     0 | D:1      | Reached XP level 1. HP: 14/14 MP: 1/1
   125 | D:1      | Reached XP level 2. HP: 17/19 MP: 2/2
   546 | D:2      | Reached XP level 3. HP: 23/23 MP: 3/3
   748 | D:2      | Found a sacrificial altar of Ru.
   762 | D:2      | Reached skill level 4 in Fighting
   762 | D:2      | Reached XP level 4. HP: 26/29 MP: 4/4
   797 | D:2      | Noticed Robin
   820 | D:2      | Killed Robin
  1213 | D:3      | Noticed an ogre
  1236 | D:3      | Killed an ogre
  1236 | D:3      | Reached skill level 5 in Fighting
  1236 | D:3      | Reached XP level 5. HP: 18/35 MP: 5/5
  1449 | D:3      | Noticed Crazy Yiuf
  1462 | D:3      | Killed Crazy Yiuf
  1667 | D:3      | Reached XP level 6. HP: 36/40 MP: 6/6
  2115 | D:3      | Reached skill level 5 in Maces & Flails
  2356 | D:3      | Learned a level 3 spell: Regeneration
  2416 | D:4      | HP: 2/40 [ogre/giant spiked club (27)]
  2421 | D:4      | Slain by an ogre

Vault maps used:
D:1:      erik_arrival_blinker_ship
D:2:      nicolae_ru_great_annihilating_truth, uniq_robin
D:3:      forest_paths, first_bread, dk_noncrumbling_4, serial_bayou_lake_a,
          uniq_crazy_yiuf_cottage
D:4:      nicolae_qazlal_style_of_elements,
          lightli_ossuary_entry_decrepit_ruins, minivault_19, uniq_grinder

Action                   |  1- 3 |  4- 6 || total
-------------------------+-------+-------++-------
Melee: Flail             |    70 |   159 ||   229
  Use: Scroll            |     4 |     3 ||     7
       Potion            |       |     2 ||     2
 Stab: Paralysed         |       |     1 ||     1
  Eat: Chunk             |       |     5 ||     5
